 Dungeon Crawl Stone Soup version 0.31.0-11-ge490571c62 (webtiles) character file.

Game seed: 17582896988138310971

73 qw the Shooter (level 4, 0/25 HPs)
             Began as a Deep Elf Hunter on Feb 3, 2024.
             Succumbed to their own poison gas
             ... on level 2 of the Dungeon.
             The game lasted 00:00:39 (2054 turns).

qw the Shooter (Deep Elf Hunter)                    Turns: 2054, Time: 00:00:40

Health: 0/25       AC:  8    Str: 10    XL:     4   Next: 8%
Magic:  6/6        EV: 12    Int: 14    God:
Gold:   70         SH:  0    Dex: 18    Spells: 3/3 levels left

rFire   + . .        a - +0 shortbow
rCold   . . .        (shield currently unavailable)
rNeg    . . .        k - +1 leather armour {rF+}
rPois   .            h - +2 hat {Will+}
rElec   .            e - +0 cloak
rCorr   .            (no gloves)
SInv    .            l - +0 pair of boots
Will    +....        (no amulet)
Stlth   ++           (no ring)
HPRegen 0.24/turn    (no ring)
MPRegen 0.10/turn

%: no passive effects
@: lethally poisoned (0 -> -3), attractive
A: no striking features
a: no special abilities


You were on level 2 of the Dungeon.
You visited 1 branch of the dungeon, and saw 2 of its levels.

You collected 70 gold pieces.


   Skills:
 - Level 1.5 Fighting
 + Level 7.5 Ranged Weapons
 - Level 2.4 Dodging
 - Level 1.2 Stealth


You had 3 spell levels left.
You didn't know any spells.
Your spell library was empty.

Inventory:

Hand Weapons
 a - a +0 shortbow (weapon)
Armour
 e - a +0 cloak (worn)
 h - a +2 hat of willpower (worn)
 k - a +1 leather armour of fire resistance (worn)
 l - a +0 pair of boots (worn)
 m - a +0 ring mail
Potions
 d - a potion of haste
 g - a potion of curing {unknown}
 n - a potion of brilliance {unknown}
 p - a potion of magic {unknown}

Dungeon Overview and Level Annotations

Branches:
Dungeon (2/15)

Altars:


Message History

Done exploring.
2043 ||| DRINKING 2 glowing grey potions.
It was a potion of attraction.
You feel attractive to monsters.
Done exploring.
2044 ||| DROPPING potion of attraction.
You drop a potion of attraction.
Done exploring.
What level of the Dungeon? (default 2, ? - help) Sorry, I don't know how to get there.
Enter note:
Enter note:
Enter note:
Enter note:
Enter note:
Enter note:
Enter note:
Enter note:
Enter note: You are engulfed in poison gas.
You are poisoned.
You feel very sick.
2046 ||| Stepping ~*~*~tactically~*~*~ (cloud).
You feel very sick.
Things that are here:
a potion of attraction; a +2 hat
There is a lethal amount of poison in your body!
You feel very sick.
There is a lethal amount of poison in your body!
You feel very sick.
There is a lethal amount of poison in your body!
You feel sick.
There is a lethal amount of poison in your body!
You feel sick.
There is a lethal amount of poison in your body!
You feel sick.
There is a lethal amount of poison in your body!
You feel sick.
There is a lethal amount of poison in your body!
You feel sick.
There is a lethal amount of poison in your body!
You die...

.##.###########.###########.#
.##...........#.#...# #.#
.##.#####.###.#.#.#.#######.#####
.##.#...#.#...#.#.#.#............
.##.###.#.#####.###.#######.#####
.##..)%.#...........#...)...#
.########.###########¤#######
...######.#...#.¤0.¤¤.#
....(.....#.#.#0@¤#...#
##.######.#.#.#.#.###.# #.#
#.###.#0#0# #.# #.# #.....#.#.#
#.# #.# ##########0# #.# #.#
#.##.# #.# #.# ##.# #.##.#
###.###.# ...# #.##.# #.......#
.#######.##.###.#.#####


There were no monsters in sight!

Vanquished Creatures
  2 dart slugs
  2 ribbon worms (D:2)
  5 endoplasms
  3 giant cockroaches
  7 goblins
  A hobgoblin (D:1)
  8 jackals (D:1)
  7 kobolds
  3 quokkas
  8 ball pythons
  8 bats
  A frilled lizard (D:2)
  3 rats (D:2)
58 creatures vanquished.

Notes
Turn   | Place    | Note
-------+----------+-------------------------------------------
     0 | D:1      | qw the Deep Elf Hunter began the quest for the Orb.
     0 | D:1      | Reached XP level 1. HP: 12/12 MP: 3/3
     0 | D:1      | 0 ||| qw: Version: 0.3-a-155-g5e7d8dd
     0 | D:1      | 0 ||| qw: Game counter: 3189
     0 | D:1      | 0 ||| qw: Melee chars always use a shield: true
     0 | D:1      | 0 ||| qw: God list: Okawaru
     0 | D:1      | 0 ||| qw: Allow faded altars: false
     0 | D:1      | 0 ||| qw: Do Orc after clearing Dungeon:15 true
     0 | D:1      | 0 ||| qw: Do second Lair branch before Depths: true
     0 | D:1      | 0 ||| qw: Lair rune preference: random
     0 | D:1      | 0 ||| qw: Goals: Normal
     0 | D:1      | 0 ||| PLANNING D:1-11
   161 | D:1      | Reached skill level 6 in Ranged Weapons
   161 | D:1      | Reached XP level 2. HP: 16/16 MP: 4/4
   170 | D:1      | 170 ||| RETREEEEATING.
   328 | D:1      | Reached XP level 3. HP: 20/20 MP: 5/5
   811 | D:1      | Reached skill level 7 in Ranged Weapons
   873 | D:1      | 873 ||| UPGRADING to +1 hat of willpower.
   878 | D:1      | 878 ||| UPGRADING to +0 scale mail.
   888 | D:1      | 888 ||| DROPPING +0 leather armour.
   889 | D:1      | 889 ||| DROPPING +0 helmet.
   890 | D:1      | 890 ||| UPGRADING to +0 pair of boots.
   895 | D:1      | 895 ||| UPGRADING to +0 ring mail.
   905 | D:1      | 905 ||| DROPPING +0 scale mail.
   906 | D:1      | 906 ||| READING scroll labelled ICRELU ORAH.
   907 | D:1      | 907 ||| READING 3 scrolls labelled IBABBOR PUOT.
   908 | D:1      | 908 ||| READING scroll labelled TUISTIROAP.
   909 | D:1      | 909 ||| READING scroll labelled WUISUX QINTEI.
   913 | D:1      | 913 ||| DRINKING 2 murky white potions.
   914 | D:1      | 914 ||| DROPPING scroll of butterflies.
   915 | D:1      | 915 ||| DROPPING 2 scrolls of fog.
  1565 | D:2      | Reached XP level 4. HP: 25/25 MP: 6/6
  1980 | D:2      | 1980 ||| UPGRADING to +0 cloak.
  1985 | D:2      | 1985 ||| UPGRADING to +1 leather armour of fire resistance.
  1995 | D:2      | 1995 ||| READING scroll labelled QECLON VUIHON.
  1995 | D:2      | 1995 ||| ENCHANTING +1 hat of willpower.
  1996 | D:2      | 1996 ||| DROPPING +2 hat.
  1997 | D:2      | 1997 ||| READING scroll labelled JUSMUN MOQOJUO.
  1998 | D:2      | 1998 ||| READING scroll labelled CACYAG SIZXAEKH.
  2042 | D:2      | 2042 ||| READING scroll labelled QICHUL EXYOW.
  2043 | D:2      | 2043 ||| DRINKING 2 glowing grey potions.
  2044 | D:2      | 2044 ||| DROPPING potion of attraction.
  2046 | D:2      | 2046 ||| Stepping ~*~*~tactically~*~*~ (cloud).
  2048 | D:2      | HP: 5/25 [poisoned by you (poison gas)]
  2051 | D:2      | HP: 2/25 [poisoned by you (poison gas)]
  2054 | D:2      | Succumbed to their own poison gas

Levels and vault maps discovered:
D:1:      nzn_arrival_depleted_hourglass, layout_basic
D:2:      mumra_celtic_spiral_tile, layout_loops_ring

Skill      XL: |  1  2  3 |
---------------+----------+-----
Ranged Weapons | 6 7 |  7.5
Fighting       | |  1.5
Dodging        | |  2.4
Stealth        | |  1.2

Action                     |  1- 3 |  4- 6 || total
---------------------------+-------+-------++-------
   Fire: Shortbow          |   142 |     7 ||   149
    Use: Scroll            |     4 |     4 ||     8
         Potion            |     1 |     1 ||     2
 Armour: Leather armour    |    24 |       ||    24
         Ring mail         |     7 |     1 ||     8
  Dodge: Dodged            |    46 |       ||    46

Table legend:
 A = Non-vault XP
 B = Vault XP
 C = Vault XP percentage of total XP
 D = Non-vault monster count
 E = Vault monster count
 F = Vault count percentage of total count
                 A         B        C        D         E       F
            +---------+---------+-------+---------+---------+-------
      Total |     105 |       0 |   0.0 |      58 |       0 |   0.0
            +---------+---------+-------+---------+---------+-------
        D:1 |      66 |       0 |   0.0 |      37 |       0 |   0.0
        D:2 |      39 |       0 |   0.0 |      21 |       0 |   0.0
            +---------+---------+-------+---------+---------+-------
